 Dungeon Crawl Stone Soup version 0.20-a0-555-gf6ae02d (webtiles) character file.

704239 Klosterheim the Hoplite (level 27, -5/233 HPs)
             Began as a Minotaur Fighter on Feb 5, 2017.
             Was the Champion of Okawaru.
             Killed from afar by an orb of fire (19 damage)
             ... with a bolt of fire
             ... on level 5 of the Realm of Zot.
             The game lasted 03:46:39 (77127 turns).

Klosterheim the Hoplite (Minotaur Fighter)         Turns: 77127, Time: 03:46:41

Health: -5/233     AC: 53    Str: 34    XL:     27
Magic:  21/33      EV: 25    Int: 13    God:    Okawaru [******]
Gold:   6704       SH: 32    Dex: 21    Spells: 30/41 levels left

rFire    + + .     SeeInvis +   V - +8 autumn katana {slice, Clar}
rCold    + . .     Gourm    .   L - +8 orange crystal plate armour {Archmagi, Int+3 Clar}
rNeg     . . .     Faith    +   H - +3 large shield {AC+3}
rPois    +         Spirit   .   D - +0 hat {SInv}
rElec    +         Reflect  .   U - +2 cloak {MR+}
rCorr    +         Harm     .   Q - +1 pair of gloves of the Burgomaster {rCorr Str+4}
MR       +++..     Clarity  +   n - +0 pair of boots {Fly}
Stlth    ..........             C - amulet "Addyliroz" {Faith rElec rC+}
Regen    0.9/turn               j - ring "Bups" {Int+4 Dex+5 Slay+3}
                                R - ring "Zayb" {+Inv rPois rF++ Str+3 Slay+3}

@: about to teleport, heroism, flying, studying 2 skills
A: retaliatory headbutt, horns 2, slimy green scales 1, frail 1, regeneration 1,
screaming 1, MP-powered wands
}: 4/15 runes: decaying, serpentine, silver, abyssal
a: Heroism, Finesse, Renounce Religion, Evoke Invisibility, Stop Flying


You were on level 5 of the Realm of Zot.
You worshipped Okawaru.
Okawaru was exalted by your worship.
You were near starving.

You visited 12 branches of the dungeon, and saw 52 of its levels.
You visited the Abyss 1 time.
You also visited: Trove, Sewer and Wizlab.

You collected 8312 gold pieces.
You spent 1608 gold pieces at shops.

Inventory:

Hand Weapons
 z - the +9 great sword "Gutuew" {slice, *Corrode Int+4 Dex+3, unknown}
   (You found it on level 5 of the Realm of Zot)

   It inflicts extra damage upon your enemies.
   It affects your intelligence (+4).
   It affects your dexterity (+3).
   It may corrode you when you take damage.
 V - the +8 autumn katana (weapon) {slice, Clar}
   (You found it in a wizard's laboratory)

   It inflicts extra damage upon your enemies.
   It protects you against confusion.
Missiles
 d - 15 javelins of returning (quivered)
Armour
 n - a +0 pair of boots of flying (worn)
 v - a +2 cloak of invisibility
 D - a +0 hat of see invisible (worn)
 H - a +3 large shield of protection (worn)
 L - the +8 orange crystal plate armour (worn) {Archmagi, Int+3 Clar}
   (You found it in a treasure trove)

   It affects your intelligence (+3).
   It protects you against confusion.
 Q - the +1 pair of gloves of the Burgomaster (worn) {rCorr Str+4}
   (You found it in a treasure trove)

   It affects your strength (+4).
   It protects you from acid and corrosion.
 U - a +2 cloak of magic resistance (worn)
Jewellery
 j - the ring "Bups" (right hand) {Int+4 Dex+5 Slay+3}
   (You found it on level 13 of the Dungeon)

   [ring of dexterity]

   It affects your intelligence (+4).
   It affects your dexterity (+5).
   It affects your accuracy and damage with ranged weapons and melee attacks
   (+3).
 C - the amulet "Addyliroz" (around neck) {Faith rElec rC+}
   (You found it in a wizard's laboratory)

   [amulet of faith]

   It allows you to gain divine favour quickly.
   It protects you from cold.
   It insulates you from electricity.
 R - the ring "Zayb" (left hand) {+Inv rPois rF++ Str+3 Slay+3}
   (You found it in a wizard's laboratory)

   [ring of strength]

   It affects your strength (+3).
   It affects your accuracy and damage with ranged weapons and melee attacks
   (+3).
   It greatly protects you from fire.
   It protects you from poison.
   It lets you turn invisible.
 Z - an uncursed ring of protection from magic
Wands
 g - a wand of acid (7/15)
 h - a wand of scattershot (3/9)
 r - a wand of confusion (21/48)
 t - a wand of digging (14/24)
 u - a wand of digging (11/24)
 B - a wand of acid (11/15)
 W - a wand of acid (3/15)
Scrolls
 a - 24 scrolls of remove curse
 b - 7 scrolls of fog
 c - 5 scrolls of identify
 e - 8 scrolls of recharging
 q - 2 scrolls of enchant armour
 x - 9 scrolls of enchant weapon
 y - 7 scrolls of magic mapping
 M - 4 scrolls of holy word
Potions
 i - 10 potions of curing
 k - 3 potions of haste
 s - 2 potions of ambrosia
 I - 5 potions of lignification
 O - 4 potions of cure mutation
 S - 6 potions of agility
 Y - 3 potions of cancellation
Books
 m - a manual of Bows
 E - a manual of Throwing
 G - the Collected Works on Unholy Arts and Enchantment
   (You found it on level 3 of the Depths)

   Spells                             Type                      Level
   a - Corona                         Hexes                        1
   b - Pain                           Necromancy                   1
   c - Inner Flame                    Hexes/Fire                   3
   d - Cause Fear                     Hexes                        4
   e - Yara's Violent Unravelling     Hexes/Transmutation          5
   f - Death Channel                  Necromancy                   6
 K - a book of Battle

   Spells                             Type                      Level
   a - Infusion                       Charms                       1
   b - Shroud of Golubria             Charms/Translocation         2
   c - Song of Slaying                Charms                       2
   d - Spectral Weapon                Hexes/Charms                 3
   e - Regeneration                   Charms/Necromancy            3
Miscellaneous
 p - a lamp of fire
 A - the horn of Geryon (inert)
 N - a sack of spiders
 P - a phial of floods
Comestibles
 f - 4 bread rations
 l - 40 fruits
 o - 21 meat rations
 w - 28 royal jellies


   Skills:
 + Level 23.5(27) Fighting
 - Level 16.7(21.7) Long Blades
 - Level 9.0(14.0) Throwing
 - Level 22.0(27) Armour
 + Level 19.1(24.1) Dodging
 - Level 8.6(13.6) Stealth
 - Level 24.2(27) Shields
 - Level 7.8 Spellcasting
 - Level 5.0 Hexes
 - Level 14.4 Charms
 - Level 6.0 Necromancy
 - Level 15.6 Invocations
 - Level 10.9 Evocations


You had 30 spell levels left.
You knew the following spells:

 Your Spells              Type           Power        Failure   Level  Hunger
a - Tukima's Dance        Hex            ####....     28%         3    ##.....
b - Regeneration          Chrm/Necr      #####.....   2%          3    ##.....
c - Song of Slaying       Chrm           ######..     1%          2    None
d - Spectral Weapon       Hex/Chrm       #####...     3%          3    ##.....


Dungeon Overview and Level Annotations

Branches:
Dungeon (15/15)            Temple (0/1) D:6            Lair (6/6) D:8
  Swamp (4/4) Lair:2        Snake (4/4) Lair:4        Slime (0/5) Lair:5
    Orc (2/2) D:12            Elf (0/3) Orc:2        Vaults (5/5) D:14
  Crypt (2/3) Vaults:3     Depths (5/5) D:15           Hell (1/1)
    Dis (2/7) Hell            Geh (0/7) Hell            Coc (0/7) Hell
    Tar (1/7) Hell            Zot (5/5) Depths:5

Altars:
Cheibriados
Dithmenos
Elyvilon
Gozag
Hepliaklqana
Kikubaaqudgha
Makhleb
Okawaru
Ru
Trog
Uskayaw
Vehumet
Yredelemnul
Zin
The Shining One
Beogh

Shops:
D:4 *   D:13 **?   Orc:2 [::*   Vaults:1 }   Vaults:2 =   Zot:3 *

Portals:
Hell: Depths:1 Depths:2 Depths:3 Depths:4 Depths:5
Abyss: Depths:4 Depths:5
Pandemonium: Depths:3
Ziggurat: Depths:2


Innate Abilities, Weirdness & Mutations

You reflexively headbutt those who attack you in melee.
You have a pair of horns on your head.
You are partially covered in slimy green scales. (AC +2)
You are frail. (-10% HP)
Your natural rate of healing is unusually fast.
You occasionally shout uncontrollably at your foes.
You expend magic power (3 MP) to strengthen your wands.


Message History

The electric golem blinks!
The moth of wrath goads the Orb Guardian on!
The Orb Guardian goes berserk!
The moth of wrath goads the Orb Guardian on!
The Orb Guardian goes berserk!
The moth of wrath goads the quicksilver dragon on!
The quicksilver dragon goes berserk!
You block the deathcap's attack.
The curse toe calls on the powers of darkness!
The Orb Guardian convulses!
The quicksilver dragon convulses!
Your body is wracked with pain!
* * * LOW HITPOINT WARNING * * *
The moth of wrath convulses!
The Orb Guardian convulses!
You block the Orb Guardian's attack.
You feel better. You block the Orb Guardian's attack.
The orb of fire glows red.
The bolt of fire hits you! You resist.
* * * LOW HITPOINT WARNING * * *
The orb of fire glows red.
The bolt of fire hits you! You resist.
You die...

#^..###########...***,,,,,,,,,,,,
...## *#.,,,**,,,,,,,,,,, .###
***,,,,,,,,,,,,,,, ▓#
******#*******,, ▓
*▓▓▓..,,,,,,,,, ▓**
*#▓.....,,,,,,,,, ..#*
##ff.....,,,,,,,,, ...# *********
#*ff.....,,,,,,,,,
...▓**,,,,,,,**▓@*Df..8.,,,,,,,,,
...▓*,,,,,,,,,*▓*Lfz....,,,,,,,,,
...▓,,,,,,,,,,,▓X2fy....,,,,,,,,,
....X,,,,,,,,,,fX1.§....,,,,,,,,,
...▓.,,,,,,,,,,▓........,,,,,,,,,
,,,**,,,,,,,,,*▓........,,,,,,,,,
,,,***,,,,,,,**▓........,,,,,,,,,
,,,* ********* ▓...?....,,,,,,,,,
,,** **,,,,,,,,,,,,,,,,


You could see 3 orbs of fire, an electric golem, an ancient lich (invisible), a
curse toe, a cacodemon, a quicksilver dragon (berserk), 2 Orb Guardians, an
Executioner, 4 deathcaps, a moth of wrath and 4 wandering mushrooms.

Vanquished Creatures
  2 ancient liches
  An orb of fire (Zot:5)
  Mara (Vaults:4)
  Bai Suzhen (Snake:3)
  Vashnia (Snake:4)
  4 curse toes
  Geryon (Hell)
  4 caustic shrikes
  A Killer Klown (Zot:3)
  11 golden dragons
  Jory (Crypt:1)
  Nikola (Depths:1)
  A pearl dragon (Depths:1)
  A bone dragon (Swamp:4)
  A doom hound (Tar:1)
  2 Tzitzimimeh (Tar:1)
  An electric golem (Zot:2)
  Jorgrun (Depths:5)
  2 hellephants
  21 tentacled monstrosities
  5 liches
  9 Orb Guardians (Zot:5)
  A moon troll (WizLab)
  Asterion (Depths:3)
  An eldritch tentacle (Dis:1)
  6 titans
  10 quicksilver dragons
  An ancient champion (Crypt:1)
  8 tentacled starspawn
  3 death cobs
  A thorn hunter (Swamp:3)
  12 sphinxes
  Donald (Snake:4)
  Agnes (Snake:4)
  10 shadow dragons
  2 revenants
  12 fire giants
  11 storm dragons
  11 tengu reavers
  3 draconian monks (Zot:3)
  Aizul (Snake:3)
  6 nagarajas (Snake:4)
  2 deep elf sorcerers
  4 iron dragons
  3 draconian scorchers
  A juggernaut zombie (Depths:2)
  8 draconian knights
  12 frost giants
  4 orc warlords
  2 cacodemons
  15 vault wardens
  11 ironheart preservers
  A ghoul (Vaults:3)
  A draconian stormcaller (Depths:5)
  A caustic shrike zombie (Hell)
  A ghost moth (Zot:5)
  5 draconian shifters
  A balrug (Hell)
  2 deep elf elementalists (Vaults:5)
  4 war gargoyles
  A curse skull (Crypt:1)
  4 draconian annihilators
  41 very ugly things
  4 reapers
  A juggernaut skeleton (Depths:2)
  An ophan (Depths:1)
  12 vampire knights
  2 deep elf demonologists
  An entropy weaver (Vaults:2)
  An apis (Depths:1)
  7 red draconians
  31 stone giants
  9 green draconians
  10 black draconians
  3 lorocyprocas
  8 yellow draconians
  4 spark wasps
  7 white draconians
  3 deep elf death magi
  11 purple draconians
  A merfolk javelineer (Depths:4)
  An eidolon (Crypt:1)
  18 ettins
  A green death (Abyss:3)
  2 crystal guardians
  15 yaktaur captains
  A fire dragon (shapeshifter) (Vaults:5)
  2 minotaurs (shapeshifter)
  3 blizzard demons (Hell)
  6 jiangshi
  6 rakshasas
  12 fire dragons
  A deep elf high priest (Vaults:5)
  37 vault guards
  A minotaur (Vaults:4)
  4 ice dragons (Depths:3)
  12 great orbs of eyes
  3 catoblepae
  A caustic shrike simulacrum (Depths:1)
  26 naga warriors
  2 peacekeepers (Vaults:1)
  3 ghost crabs (Swamp:4)
  4 spriggan air magi
  15 hydras
  10 anacondas
  8 alligators
  9 death knights
  19 centaur warriors
  17 death yaks
  A two-headed ogre (shapeshifter) (Depths:3)
  7 deep troll shamans
  8 deep troll earth magi
  6 hell hogs
  6 vampire magi
  13 thrashing horrors (Abyss:4)
  62 two-headed ogres
  8 tengu warriors
  3 spriggan berserkers
  A death yak (shapeshifter) (Depths:3)
  16 ogre magi
  19 naga sharpshooters
  8 deep elf knights
  A titan zombie (Depths:2)
  12 shock serpents
  5 soul eaters
  35 hell knights
  10 sun demons
  A shadow wraith (Crypt:2)
  15 skeletal warriors
  3 sixfirhies
  A storm dragon skeleton (Vaults:3)
  A storm dragon zombie (Tar:1)
  3 salamander mystics
  An iron troll (Depths:4)
  9 wretched stars
  2 fire crabs (shapeshifter)
  A death drake (Swamp:4)
  A spark wasp zombie (Hell)
  4 spriggan druids
  5 flayed ghosts
  3 swamp dragons (Swamp:2)
  9 spatial maelstroms
  14 small abominations
  An unseen horror (D:11)
  3 shadow demons
  An orange crystal statue (WizLab)
  3 anaconda zombies (Hell)
  3 sea snakes (Snake:3)
  26 deep trolls
  2 golden dragon zombies
  3 spectral hydras (Swamp:4)
  An obsidian statue (Depths:3)
  4 wizards
  A lindwurm (shapeshifter) (D:14)
  8 naga ritualists
  12 glowing orange brains
  A shambling mangrove (Swamp:3)
  16 ironbrand convokers
  16 phantasmal warriors
  2 harpies (shapeshifter)
  13 deep elf archers
  62 ugly things
  11 necromancers
  13 salamanders
  Pikel (D:5)
  A sphinx zombie (Depths:3)
  18 orc knights
  5 harpies (Vaults:3)
  5 frost giant zombies
  A mana viper (shapeshifter) (Depths:3)
  2 orb spiders (Abyss:4)
  5 oklob plants (Lair:4)
  3 stone giant zombies (Hell)
  11 mana vipers
  A wolf spider (shapeshifter) (Depths:3)
  6 wolf spiders
  5 orc sorcerers
  7 fire giant zombies
  A cyclops (shapeshifter) (Depths:3)
  18 deep elf magi
  3 worldbinders
  A sphinx skeleton (Vaults:4)
  A fire giant skeleton (Depths:2)
  7 cyclopes
  17 moths of wrath
  A shining eye (shapeshifter) (Vaults:5)
  2 manticores (shapeshifter)
  4 manticores
  A stone giant skeleton (Vaults:1)
  2 frost giant skeletons
  2 moths of wrath (shapeshifter)
  Joseph (D:10)
  4 guardian serpents
  12 vault sentinels
  40 black mambas
  2 dire elephant zombies
  12 elephants
  10 rust devils
  Maurice (D:12)
  22 naga magi
  A torpor snail (shapeshifter) (Depths:3)
  3 orange demons
  2 guardian serpents (shapeshifter)
  An eye of devastation (shapeshifter) (Vaults:3)
  A spiny frog (shapeshifter) (Depths:1)
  3 centaur skeletons (D:15)
  A gargoyle (D:11)
  10 smoke demons
  26 spiny frogs
  8 eyes of devastation (WizLab)
  12 komodo dragons
  A yaktaur (shapeshifter) (Vaults:2)
  A yaktaur zombie (Vaults:3)
  2 hellions
  2 rime drakes
  A catoblepas zombie (Abyss:4)
  3 swamp worm zombies (Swamp:4)
  2 demonic crawlers
  An efreet (Abyss:4)
  A komodo dragon (shapeshifter) (Vaults:5)
  2 tormentors
  6 ice devils
  2 anaconda simulacra (Hell)
  75 yaktaurs
  6 ancient zymes
  3 tengu conjurers
  A death yak skeleton (Crypt:1)
  2 hydra zombies (Swamp:4)
  3 meliai (D:15)
  13 freezing wraiths
  A human skeleton (Vaults:1)
  A queen bee (D:8)
  5 red devils
  A death drake zombie (Crypt:1)
  A meliai (shapeshifter) (Vaults:4)
  A merfolk (shapeshifter) (Vaults:5)
  15 hornets
  23 trolls
  A wind drake (shapeshifter) (Depths:3)
  2 queen bees (shapeshifter) (Depths:3)
  A tyrant leech (Swamp:1)
  A spectral swamp dragon (Swamp:4)
  16 hippogriffs
  6 polar bears (Lair:6)
  3 ettin zombies
  12 bog bodies
  A slime creature (shapeshifter) (Vaults:5)
  11 raiju
  28 blink frogs
  5 alligator zombies (Swamp:4)
  2 spriggan zombies (Hell)
  14 dream sheep
  2 hydra skeletons (Hell)
  A hippogriff (shapeshifter) (Vaults:4)
  2 fire dragon zombies (Hell)
  39 slime creatures
  2 redbacks (Vaults:3)
  A frost giant simulacrum (Depths:3)
  3 ice dragon zombies
  A spriggan (shapeshifter) (Vaults:3)
  10 spriggans
  22 flying skulls
  5 shadows
  A spriggan skeleton (Depths:2)
  Sigmund (D:4)
  9 air elementals
  A stone giant simulacrum (Depths:1)
  17 water elementals
  A tarantella (Vaults:3)
  A tarantella (shapeshifter) (Vaults:2)
  37 yaks
  3 ynoxinuls (Abyss:4)
  5 wyverns
  8 wraiths
  2 basilisks
  18 large abominations
  7 fire elementals
  A vampire (D:14)
  A human (shapeshifter) (Depths:3)
  2 steam dragons
  5 chaos spawn
  3 hungry ghosts
  9 golden eyes
  A golden eye (shapeshifter) (Depths:3)
  A hog (shapeshifter) (Vaults:1)
  A steam dragon (shapeshifter) (Vaults:4)
  An elf simulacrum (Depths:3)
  6 neqoxecs
  41 vampire mosquitoes
  2 spatial vortices (Abyss:4)
  19 swamp worms
  69 nagas
  A soldier ant (D:13)
  A tengu zombie (Hell)
  8 wargs
  20 insubstantial wisps
  An acid dragon (shapeshifter) (Depths:3)
  A spiny frog zombie (Dis:1)
  A hydra simulacrum (Hell)
  A floating eye (Depths:2)
  2 acid dragons
  25 hell hounds
  11 porcupines
  A porcupine (shapeshifter) (Vaults:5)
  13 water moccasins
  An infernal demonspawn skeleton (Crypt:1)
  52 orc warriors
  A spiny frog skeleton (Abyss:4)
  3 ice beasts
  A black bear (shapeshifter) (Vaults:5)
  2 necrophages
  4 eyes of draining
  An eye of draining (shapeshifter) (Abyss:4)
  4 sky beasts
  4 black bears
  5 swamp dragon zombies (Swamp:4)
  57 ogres
  10 swamp drakes
  8 phantoms
  32 centaurs
  A snapping turtle zombie (Dis:1)
  A swamp dragon skeleton (Crypt:2)
  19 wolves
  8 boggarts
  12 crocodiles
  5 big kobolds
  3 human zombies
  19 bullfrogs
  A draconian zombie (Crypt:1)
  A deep troll simulacrum (Vaults:4)
  A wyvern zombie (D:10)
  5 scorpions
  70 killer bees
  2 human simulacra
  13 wights
  10 electric eels
  2 vampire bats (Lair:6)
  A howler monkey (D:8)
  2 bullfrog zombies
  8 crimson imps
  4 jellies
  17 orc priests
  42 starcursed masses
  6 centaur zombies
  A quasit (Abyss:4)
  A bullfrog skeleton (D:5)
  2 gnoll shamans
  12 hounds
  5 iron imps
  Crazy Yiuf (D:7)
  6 hell rats
  20 orc wizards
  A black bear skeleton (Crypt:2)
  7 iguanas
  2 spectral swamp drakes (Swamp:4)
  12 worker ants
  A killer bee zombie (D:5)
  A crocodile zombie (Crypt:1)
  A hound zombie (D:5)
  4 hound skeletons
  2 mummies (Dis:1)
  A worker ant zombie (D:5)
  18 gnolls
  2 swamp drake zombies (Swamp:4)
  21 adders
  A scorpion zombie (Crypt:1)
  3 shadow imps
  A white imp (Abyss:4)
  9 oozes
  An adder zombie (D:5)
  2 adder skeletons
  6 worms
  A barachian skeleton (Crypt:1)
  3 dart slugs
  15 leopard geckos
  99 orcs
  19 ball pythons
  10 bats
  16 giant cockroaches
  13 hobgoblins
  11 jackals
  36 kobolds
  5 quokkas
  A ball python skeleton (Crypt:1)
  22 frilled lizards
  6 goblins
  A jackal skeleton (D:6)
  A jackal zombie (D:6)
  A leopard gecko skeleton (D:4)
  A quokka skeleton (D:7)
  A quokka zombie (D:5)
  9 rats
  A crawling corpse (Vaults:5)
  A lurking horror (Abyss:3)
  2 plants
  6 starspawn tentacles
3041 creatures vanquished.

Vanquished Creatures (collateral kills)
  Sojobo (Vaults:5)
  2 caustic shrikes (Depths:1)
  A golden dragon (Vaults:5)
  A lich (Vaults:5)
  A draconian monk (Zot:3)
  A tengu reaver (Depths:2)
  A vault warden (Vaults:5)
  An ironheart preserver (Vaults:5)
  4 very ugly things
  2 stone giants
  A purple draconian (Zot:3)
  A yellow draconian (Zot:3)
  A white draconian (Zot:3)
  An ettin (Depths:2)
  A fire dragon (Depths:1)
  A yaktaur captain (Vaults:5)
  2 two-headed ogres (Depths:1)
  An ogre mage (Depths:1)
  A spriggan berserker (Depths:2)
  2 iron trolls (Depths:1)
  A deep troll (Depths:1)
  2 harpies
  3 ugly things
  A moth of wrath (Zot:3)
  2 deep elf magi (Vaults:4)
  A naga mage (Snake:4)
  A black mamba (Snake:4)
  2 slime creatures (Depths:1)
  A human (shapeshifter) (Vaults:5)
  4 golden eyes (WizLab)
  An orc warrior (Vaults:5)
  3 ogres (Depths:1)
  2 orcs (Vaults:5)
  A bush (Abyss:4)
52 creatures vanquished.

Vanquished Creatures (others)
  A draconian knight (Zot:3)
  An ironheart preserver (Vaults:1)
  2 black draconians (Zot:4)
  A thrashing horror (Abyss:4)
  2 shadow wraiths
  2 deep elf magi
  2 moths of wrath
  Psyche (D:11)
  2 insubstantial wisps (Swamp:4)
  3 spatial vortices (Abyss:4)
  An orc warrior (Vaults:2)
  A swamp drake (Swamp:4)
  A boggart (Depths:4)
  3 ball lightnings (Zot:4)
  2 orcs
  A briar patch (Swamp:3)
  13 bushes
  9 demonic plants
  9 fungi
  2 lurking horrors (Abyss:4)
  4 plants
  A spectral weapon (Zot:2)
  25 starspawn tentacles
89 creatures vanquished.

Grand Total: 3182 creatures vanquished

Notes
Turn   | Place    | Note
-------+----------+-------------------------------------------
     0 | D:1      | Klosterheim the Minotaur Fighter began the quest for the Orb.
     0 | D:1      | Reached XP level 1. HP: 19/19 MP: 0/0
   170 | D:1      | Reached XP level 2. HP: 25/27 MP: 1/1
   570 | D:2      | Reached XP level 3. HP: 33/33 MP: 2/2
   893 | D:2      | Reached skill level 5 in Long Blades
   893 | D:2      | Reached XP level 4. HP: 40/40 MP: 3/3
  1327 | D:3      | Noticed Sigmund
  1435 | D:3      | Reached XP level 5. HP: 38/46 MP: 4/4
  2247 | D:4      | Killed Sigmund
  2247 | D:4      | Reached XP level 6. HP: 25/52 MP: 5/5
  2435 | D:4      | Found Liefam's General Store.
  2442 | D:4      | Bought a scroll of remove curse for 33 gold pieces
  3366 | D:5      | Entered Level 5 of the Dungeon
  3419 | D:5      | Reached XP level 7. HP: 55/58 MP: 6/6
  3448 | D:5      | Found a shadowy altar of Dithmenos.
  3449 | D:5      | Found a glowing golden altar of the Shining One.
  3449 | D:5      | Found an opulent altar of Gozag.
  3450 | D:5      | Found an iron altar of Okawaru.
  3466 | D:5      | Became a worshipper of Warmaster Okawaru
  3566 | D:5      | Noticed Pikel
  3570 | D:5      | Reached skill level 10 in Long Blades
  3585 | D:5      | Killed Pikel
  3585 | D:5      | Reached * piety under Okawaru
  3585 | D:5      | Reached XP level 8. HP: 47/66 MP: 7/7
  3737 | D:5      | Found a bloodstained altar of Trog.
  3761 | D:5      | Reached ** piety under Okawaru
  3951 | D:5      | Found a glowing drain.
  3976 | Sewer    | Entered a sewer
  4641 | D:6      | Found a staircase to the Ecumenical Temple.
  4646 | D:6      | Found a glowing silver altar of Zin.
  4646 | D:6      | Found a sacrificial altar of Ru.
  4646 | D:6      | Found an ancient bone altar of Kikubaaqudgha.
  4646 | D:6      | Found a white marble altar of Elyvilon.
  4647 | D:6      | Found a hazy altar of Hepliaklqana.
  4647 | D:6      | Found a sacrificial altar of Ru.
  4648 | D:6      | Found a hide-covered altar of Uskayaw.
  4648 | D:6      | Found a radiant altar of Vehumet.
  4648 | D:6      | Found a shadowy altar of Dithmenos.
  4648 | D:6      | Found a hide-covered altar of Uskayaw.
  4648 | D:6      | Found a glowing golden altar of the Shining One.
  4648 | D:6      | Found a shadowy altar of Dithmenos.
  4648 | D:6      | Found a snail-covered altar of Cheibriados.
  4648 | D:6      | Found a white marble altar of Elyvilon.
  4648 | D:6      | Found an opulent altar of Gozag.
  4648 | D:6      | Found a glowing silver altar of Zin.
  5247 | D:7      | Reached XP level 9. HP: 71/71 MP: 8/8
  5318 | D:7      | Found a runed door.
  5466 | D:7      | Reached *** piety under Okawaru
  5747 | D:7      | Noticed Crazy Yiuf
  5751 | D:7      | Killed Crazy Yiuf
  5875 | D:7      | You fall through a shaft!
  5915 | D:8      | Reached skill level 5 in Shields
  5981 | D:8      | Reached skill level 6 in Shields
  6010 | D:8      | Reached **** piety under Okawaru
  6018 | D:8      | Reached skill level 7 in Shields
  6537 | D:8      | Reached skill level 8 in Shields
  6608 | D:8      | Reached skill level 9 in Shields
  6822 | D:8      | Reached XP level 10. HP: 58/78 MP: 9/9
  6836 | D:8      | Reached skill level 10 in Shields
  6848 | D:8      | Reached ***** piety under Okawaru
  7180 | D:8      | Reached skill level 11 in Shields
  7591 | D:9      | Reached skill level 12 in Shields
  7771 | D:9      | Received a gift from Okawaru
  8106 | D:9      | Received a gift from Okawaru
  8127 | D:9      | Reached skill level 5 in Armour
  8127 | D:9      | Reached skill level 13 in Shields
  8163 | D:9      | Reached XP level 11. HP: 72/83 MP: 8/10
  8193 | D:9      | Got a sapphire-encrusted ring mail {god gift}
  8207 | D:9      | Identified the +4 ring mail of Okawaru's Condemnation {Slay+2 Stlth+} (Okawaru gifted it to you on level 9 of the Dungeon)
  8460 | D:10     | Entered Level 10 of the Dungeon
  8593 | D:10     | Noticed Joseph
  8609 | D:10     | Killed Joseph
  9496 | D:11     | Noticed a green ugly thing
  9506 | D:11     | Killed a green ugly thing
  9506 | D:11     | Received a gift from Okawaru
  9542 | D:11     | Noticed Psyche
  9555 | D:11     | Killed Psyche
  9881 | D:11     | Reached skill level 14 in Shields
  9923 | D:11     | Noticed a white ugly thing
  9939 | D:11     | Killed a white ugly thing
  9939 | D:11     | Reached skill level 10 in Armour
 10216 | D:11     | Killed an unseen horror
 10395 | D:11     | Received a gift from Okawaru
 10459 | D:11     | Found a portal to a secret trove of treasure.
 10640 | D:11     | Reached skill level 1 in Invocations
 10711 | D:12     | Noticed a white ugly thing
 10713 | D:12     | Noticed a two-headed ogre
 10723 | D:12     | Killed a white ugly thing
 10723 | D:12     | Reached ****** piety under Okawaru
 10723 | D:12     | Reached skill level 1 in Evocations
 10740 | D:12     | Killed a two-headed ogre
 10838 | D:12     | Reached skill level 5 in Fighting
 10838 | D:12     | Reached XP level 12. HP: 94/94 MP: 12/12
 10857 | D:12     | Found an opulent altar of Gozag.
 10975 | D:12     | Noticed Maurice
 10988 | D:12     | Killed Maurice
 11173 | D:12     | Found a staircase to the Orcish Mines.
 11386 | D:13     | Found Alisaeg's General Store.
 11602 | D:13     | Found Daply's Assorted Antiques.
 11609 | D:13     | Got a twitching platinum ring
 11646 | D:13     | Found Riorot's Magic Scroll Emporium.
 11653 | D:13     | Identified the ring "Bups" {Int+4 Dex+5 Slay+3} (You found it on level 13 of the Dungeon)
 11953 | D:13     | Reached skill level 5 in Evocations
 11978 | D:13     | Noticed a two-headed ogre
 11986 | D:13     | Killed a two-headed ogre
 12491 | D:14     | Noticed a centaur warrior
 12522 | D:14     | Killed a centaur warrior
 12522 | D:14     | Received a gift from Okawaru
 12689 | D:14     | Noticed a centaur warrior
 12695 | D:14     | Killed a centaur warrior
 12729 | D:14     | Noticed a centaur warrior
 12731 | D:14     | Noticed a vault guard
 12731 | D:14     | Noticed a vault guard
 12732 | D:14     | Found a gate to the Vaults.
 12732 | D:14     | Noticed a vault guard
 12732 | D:14     | Noticed a vault guard
 12733 | D:14     | Noticed a tengu warrior
 12750 | D:14     | Killed a vault guard
 12750 | D:14     | Reached skill level 1 in Dodging
 12756 | D:14     | Killed a centaur warrior
 12759 | D:14     | Paralysed by a floating eye for 3 turns
 12766 | D:14     | Killed a vault guard
 12782 | D:14     | Reached XP level 13. HP: 55/101 MP: 13/18
 12782 | D:14     | Paralysed by a floating eye for 4 turns
 12810 | D:14     | Paralysed by a floating eye for 3 turns
 12814 | D:14     | Reached skill level 15 in Shields
 13638 | D:15     | Entered Level 15 of the Dungeon
 13653 | D:15     | Received a gift from Okawaru
 13798 | D:15     | Reached skill level 1 in Stealth
 13841 | D:15     | Found a staircase to the Depths.
 14093 | D:15     | Reached skill level 5 in Stealth
 14978 | D:15     | Found a sacrificial altar of Ru.
 15639 | D:8      | Found a staircase to the Lair.
 16036 | Lair:1   | Entered Level 1 of the Lair of Beasts
 16200 | Lair:1   | Reached skill level 16 in Shields
 17309 | Lair:2   | Reached XP level 14. HP: 103/107 MP: 19/19
 17433 | Lair:2   | Received a gift from Okawaru
 17714 | Lair:2   | Found a staircase to the Swamp.
 19058 | Lair:4   | Found a staircase to the Snake Pit.
 19468 | Lair:4   | Received a gift from Okawaru
 20061 | Lair:5   | Reached skill level 10 in Fighting
 20601 | Lair:5   | Received a gift from Okawaru
 20604 | Lair:5   | Got a twisted demon blade {god gift}
 20633 | Lair:5   | Identified the +8 demon blade of Death {freeze, rN+ Int+3} (Okawaru gifted it to you on level 5 of the Lair of Beasts)
 20837 | Lair:5   | Found a staircase to the Slime Pits.
 21214 | Lair:6   | Entered Level 6 of the Lair of Beasts
 21332 | Lair:6   | Received a gift from Okawaru
 21455 | Lair:6   | Reached XP level 15. HP: 110/132 MP: 20/20
 22188 | Lair:6   | Gained mutation: You are partially covered in large bone plates. (SH +4) [potion of beneficial mutation]
 22800 | Lair:5   | Received a gift from Okawaru
 23717 | Orc:1    | Entered Level 1 of the Orcish Mines
 23720 | Orc:1    | Noticed an orc warlord
 23821 | D:12     | Killed an orc warlord
 24017 | Orc:1    | Reached skill level 15 in Armour
 24541 | Orc:1    | Found a runed door.
 24838 | Orc:1    | Found a roughly hewn altar of Beogh.
 25003 | Orc:2    | Entered Level 2 of the Orcish Mines
 25150 | Orc:2    | Found Wuxeicim's Assorted Antiques.
 25152 | Orc:2    | Found Qeetaf's Book Shop.
 25186 | Orc:2    | Reached skill level 17 in Shields
 25226 | Orc:2    | Received a gift from Okawaru
 25437 | Orc:2    | Found Juow's Book Shoppe.
 25442 | Orc:2    | Found Suetagip's Antique Armour Boutique.
 25632 | Orc:2    | Found a staircase to the Elven Halls.
 25758 | Orc:2    | Found a roughly hewn altar of Beogh.
 26097 | Snake:1  | Entered Level 1 of the Snake Pit
 26497 | Snake:1  | Reached XP level 16. HP: 139/144 MP: 21/21
 27380 | Snake:2  | Received a gift from Okawaru
 27380 | Snake:2  | Reached skill level 18 in Shields
 27383 | Snake:2  | Got a warped scale mail {god gift}
 27385 | Snake:2  | Identified the +0 scale mail of Plasticity {rF- rN+ Dex+7 Stlth-} (Okawaru gifted it to you on level 2 of the Snake Pit)
 28562 | Snake:3  | Received a gift from Okawaru
 28686 | Snake:3  | Reached skill level 19 in Shields
 28849 | Snake:3  | Received a gift from Okawaru
 28870 | Snake:3  | Reached skill level 5 in Invocations
 28894 | Snake:3  | Got a smoking ring mail {god gift}
 29099 | Snake:2  | Identified the +0 ring mail of Zogasil {MR- Regen+ rCorr Dex+4 SInv} (Okawaru gifted it to you on level 3 of the Snake Pit)
 29194 | Snake:3  | Noticed Aizul
 29220 | Snake:3  | Killed Aizul
 29726 | Snake:3  | Noticed Bai Suzhen
 29903 | Snake:3  | Killed Bai Suzhen
 30265 | Snake:4  | Entered Level 4 of the Snake Pit
 30305 | Snake:4  | Reached XP level 17. HP: 126/150 MP: 22/22
 30488 | Snake:4  | Received a gift from Okawaru
 30522 | Snake:4  | Noticed Donald
 30555 | Snake:4  | Killed Donald
 31519 | Snake:4  | Reached skill level 20 in Shields
 32014 | Snake:3  | Received a gift from Okawaru
 32017 | Snake:3  | Got a pair of slimy gloves {god gift}
 32028 | Snake:3  | Identified the +2 pair of gloves of Unreason {rElec rPois} (Okawaru gifted it to you on level 3 of the Snake Pit)
 32191 | Snake:4  | Noticed Vashnia
 32266 | Snake:4  | Killed Vashnia
 32476 | Snake:4  | Noticed Agnes
 32488 | Snake:4  | Killed Agnes
 32797 | Snake:4  | Reached skill level 10 in Invocations
 32818 | Snake:4  | Received a gift from Okawaru
 33004 | Snake:4  | Reached skill level 21 in Shields
 33535 | Snake:4  | Got a serpentine rune of Zot
 33746 | Snake:4  | Reached XP level 18. HP: 158/158 MP: 25/25
 33931 | Swamp:1  | Entered Level 1 of the Swamp
 35591 | Swamp:3  | Received a gift from Okawaru
 35803 | Swamp:3  | Reached skill level 22 in Shields
 36247 | Swamp:4  | Entered Level 4 of the Swamp
 37701 | Swamp:4  | Noticed a bone dragon
 37722 | Swamp:4  | Received a gift from Okawaru
 37757 | Swamp:4  | Killed a bone dragon
 37793 | Swamp:4  | Got a decaying rune of Zot
 38378 | Vaults:1 | Entered Level 1 of the Vaults
 38447 | Vaults:1 | Noticed an Ice Fiend
 38457 | Vaults:1 | Noticed an Ice Fiend
 38892 | Vaults:1 | Found Fyakol's Gadget Boutique.
 39034 | Vaults:1 | Reached XP level 19. HP: 160/160 MP: 28/28
 39053 | Vaults:1 | Received a gift from Okawaru
 39180 | Vaults:1 | Reached skill level 23 in Shields
 40262 | Vaults:1 | Received a gift from Okawaru
 40879 | Vaults:2 | Found Ethroixze's Jewellery Shop.
 41241 | Vaults:2 | Received a gift from Okawaru
 41297 | Vaults:2 | Received a gift from Okawaru
 41377 | Vaults:2 | Reached skill level 15 in Invocations
 41652 | Vaults:2 | Reached skill level 24 in Shields
 41680 | Vaults:2 | Received a gift from Okawaru
 42734 | Vaults:3 | Received a gift from Okawaru
 42742 | Vaults:3 | Reached XP level 20. HP: 99/172 MP: 30/30
 43185 | Vaults:3 | Reached skill level 5 in Dodging
 43287 | Vaults:3 | Paralysed by a great orb of eyes for 4 turns
 43516 | Vaults:3 | Received a gift from Okawaru
 44132 | Vaults:3 | Found a staircase to the Crypt.
 44132 | Vaults:3 | Found a basalt altar of Yredelemnul.
 44133 | Vaults:3 | Found an ancient bone altar of Kikubaaqudgha.
 44217 | Vaults:3 | You are sucked into a shaft!
 44232 | Vaults:4 | Received a gift from Okawaru
 44298 | Vaults:4 | Got a faintly humming shield {god gift}
 44309 | Vaults:4 | Identified the +0 shield of Inaction {rElec Dex+2} (Okawaru gifted it to you on level 4 of the Vaults)
 44537 | Vaults:4 | Noticed Mara
 44549 | Vaults:4 | Noticed Klosterheim's illusion
 44649 | Vaults:4 | Reached skill level 10 in Dodging
 44713 | Vaults:4 | Noticed Klosterheim's illusion
 44716 | Vaults:4 | Was placed under penance by Okawaru
 44729 | Vaults:4 | Killed Mara
 46993 | Vaults:4 | Was forgiven by Okawaru
 47109 | Vaults:3 | Found a burning altar of Makhleb.
 47275 | Vaults:3 | Reached skill level 10 in Evocations
 48412 | Vaults:4 | Received a gift from Okawaru
 48412 | Vaults:4 | Reached XP level 21. HP: 179/179 MP: 31/31
 49793 | Vaults:5 | Entered Level 5 of the Vaults
 49846 | Vaults:5 | Noticed a golden dragon
 49847 | Vaults:5 | Received a gift from Okawaru
 49858 | Vaults:5 | Reached skill level 15 in Fighting
 50349 | Vaults:5 | Reached skill level 15 in Long Blades
 50379 | Vaults:5 | Received a gift from Okawaru
 50747 | Vaults:5 | Received a gift from Okawaru
 50960 | Vaults:5 | Reached XP level 22. HP: 196/197 MP: 32/32
 50965 | Vaults:5 | Noticed a golden dragon
 50979 | Vaults:5 | Killed a golden dragon
 51003 | Vaults:5 | Received a gift from Okawaru
 51129 | Vaults:5 | Noticed an ancient lich
 51148 | Vaults:5 | Killed an ancient lich
 51172 | Vaults:5 | Received a gift from Okawaru
 51182 | Vaults:5 | Noticed a golden dragon
 51182 | Vaults:5 | Noticed Sojobo
 51201 | Vaults:5 | Killed a golden dragon
 51305 | Vaults:5 | Killed a golden dragon
 51656 | Vaults:5 | Killed Sojobo
 51944 | Vaults:5 | Identified a scroll of acquirement
 51947 | Vaults:5 | Got a sparkling ivory ring
 51951 | Vaults:5 | Identified the ring "Bimecro" {rCorr -Tele Str+2 Stlth+} (You acquired it on level 5 of the Vaults)
 52267 | Vaults:5 | Identified Jommagal's Tome of Flying Summoning
 52338 | Vaults:5 | Got a silver rune of Zot
 52731 | Crypt:1  | Entered Level 1 of the Crypt
 53820 | Crypt:1  | Paralysed by a vampire knight for 5 turns
 53836 | Crypt:1  | Reached XP level 23. HP: 153/210 MP: 26/33
 53969 | Crypt:1  | Paralysed by a vampire knight for 2 turns
 54007 | Crypt:1  | Found a basalt altar of Yredelemnul.
 54008 | Crypt:1  | Noticed Jory
 54028 | Crypt:1  | Killed Jory
 54028 | Crypt:1  | Received a gift from Okawaru
 54091 | Crypt:1  | Identified Qomui's Grimoire of Combat Magic and Boosts
 54234 | Crypt:2  | Found a magical portal.
 54243 | WizLab   | Entered Lehudib's Moon Base
 54470 | WizLab   | Paralysed by accursed screaming for 1 turns
 55115 | WizLab   | Paralysed by accursed screaming for 1 turns
 55617 | WizLab   | Gained mutation: You are partially covered in icy blue scales. (AC +2) [potion of beneficial mutation]
 55933 | WizLab   | Gained mutation: You occasionally shout uncontrollably at your foes. [a neqoxec]
 56520 | WizLab   | Identified Lehudib's Grimoire of Unstable Earth
 56556 | WizLab   | Got a clouded amber ring
 56565 | WizLab   | Got a bound jade amulet
 56729 | Vaults:3 | Identified the ring "Zayb" {+Inv rPois rF++ Str+3 Slay+3} (You found it in a wizard's laboratory)
 56731 | Vaults:3 | Identified the amulet "Addyliroz" {Faith rElec rC+} (You found it in a wizard's laboratory)
 56891 | Depths:1 | Entered Level 1 of the Depths
 56964 | Depths:1 | Noticed Nikola
 56980 | Depths:1 | Killed Nikola
 57017 | Depths:1 | Found a white marble altar of Elyvilon.
 57017 | Depths:1 | Found a glowing golden altar of the Shining One.
 57017 | Depths:1 | Found a glowing silver altar of Zin.
 57304 | Depths:1 | Received a gift from Okawaru
 57659 | Depths:1 | Found a gateway to Hell.
 57752 | Depths:2 | Noticed a caustic shrike
 57762 | Depths:1 | Killed a caustic shrike
 57764 | Depths:2 | Noticed a caustic shrike
 57765 | Depths:2 | Noticed a caustic shrike
 57768 | Depths:2 | Noticed a caustic shrike
 57768 | Depths:2 | Noticed a caustic shrike
 57770 | Depths:2 | Killed a caustic shrike
 57779 | Depths:1 | Killed a caustic shrike
 57982 | Depths:1 | Killed a caustic shrike
 57989 | Depths:1 | Reached XP level 24. HP: 201/226 MP: 27/33
 57992 | Depths:1 | Received a gift from Okawaru
 58070 | Depths:2 | Reached skill level 1 in Throwing
 58288 | Depths:1 | Reached skill level 5 in Throwing
 59197 | D:11     | You paid a toll of 18 scrolls of identify to enter a treasure trove
 59198 | Trove    | Entered a treasure trove
 59205 | Trove    | Got a twisted shield
 59216 | Trove    | Got a pair of slimy gloves
 59224 | Trove    | Got a pair of translucent gloves
 59232 | Trove    | Got a bloodstained plate armour
 59255 | D:11     | Identified the +1 pair of gloves of the Burgomaster {rCorr Str+4} (You found it in a treasure trove)
 59266 | D:11     | Identified the +4 pair of gloves "Ubimauhaj" {rC+ Str-3 Dex+4} (You found it in a treasure trove)
 59295 | D:11     | Identified the +4 shield of Eternity {rC+ Str+3 Dex-5 Stlth+} (You found it in a treasure trove)
 59475 | D:14     | Learned a level 3 spell: Tukima's Dance
 59567 | D:12     | Learned a level 3 spell: Regeneration
 59570 | D:12     | Learned a level 2 spell: Song of Slaying
 59574 | D:12     | Learned a level 3 spell: Spectral Weapon
 59772 | Depths:2 | Found a gateway to a ziggurat.
 59795 | Depths:2 | Received a gift from Okawaru
 59803 | Depths:2 | Reached skill level 1 in Charms
 59851 | Depths:2 | Reached skill level 1 in Spellcasting
 59867 | Depths:2 | Reached skill level 1 in Necromancy
 59901 | Depths:2 | Was placed under penance by Okawaru
 61074 | Depths:1 | Was forgiven by Okawaru
 61578 | Depths:2 | Identified the +0 plate armour of Complete Protection {MR++ Int+3} (You found it in a treasure trove)
 61578 | Depths:2 | Paralysed by a great orb of eyes for 2 turns
 61759 | Depths:2 | Received a gift from Okawaru
 62028 | Depths:3 | Reached skill level 5 in Charms
 62311 | Depths:3 | Found a one-way gate leading to the halls of Pandemonium.
 62633 | Depths:3 | Noticed Asterion
 62784 | Depths:3 | Killed Asterion
 62830 | Hell     | Entered the Vestibule of Hell
 62830 | Hell     | Noticed Geryon
 62942 | Depths:3 | Received a gift from Okawaru
 63106 | Hell     | Reached XP level 25. HP: 176/235 MP: 26/33
 63334 | Hell     | Received a gift from Okawaru
 63345 | Hell     | Killed Geryon
 63349 | Hell     | Received a gift from Okawaru
 63414 | Hell     | Found a gateway to the ashen valley of Gehenna.
 63508 | Hell     | Reached skill level 5 in Necromancy
 63519 | Hell     | Found a gateway to the Iron City of Dis.
 63541 | Dis:1    | Entered Level 1 of the Iron City of Dis
 63642 | Dis:1    | Received a gift from Okawaru
 63800 | Dis:1    | Reached skill level 5 in Spellcasting
 64065 | Dis:1    | Received a gift from Okawaru
 64701 | Hell     | Received a gift from Okawaru
 64927 | Depths:3 | Received a gift from Okawaru
 65133 | Hell     | Found a gateway to the decaying netherworld of Tartarus.
 65198 | Hell     | Found a gateway to the freezing wastes of Cocytus.
 65364 | Tar:1    | Entered Level 1 of Tartarus
 66269 | Depths:3 | Got an ancient pewter amulet
 66286 | Depths:3 | Identified the amulet "Papah" {RegenMP *Corrode rC+++ Dex+6} (You found it on level 3 of the Depths)
 66296 | Depths:3 | Identified the Collected Works on Unholy Arts and Enchantment
 66462 | Depths:3 | Reached skill level 10 in Charms
 66674 | Depths:3 | Received a gift from Okawaru
 67022 | Depths:4 | Found a one-way gate to the infinite horrors of the Abyss.
 67269 | Depths:4 | Got a crude double sword
 67270 | Depths:4 | Identified the +5 double sword "Amaiwaeb" {drain, rC+} (You found it on level 4 of the Depths)
 67298 | Depths:4 | Reached XP level 26. HP: 244/244 MP: 33/33
 67340 | Depths:4 | Received a gift from Okawaru
 67883 | Depths:5 | Entered Level 5 of the Depths
 67991 | Depths:5 | Noticed Jorgrun
 67997 | Depths:5 | Killed Jorgrun
 68052 | Depths:5 | Paralysed by a great orb of eyes for 2 turns
 68095 | Depths:5 | Voluntarily entered the Abyss.
 68267 | Abyss:3  | Found a corrupted altar of Lugonu.
 68822 | Abyss:3  | Paralysed by accursed screaming for 1 turns
 68831 | Abyss:3  | Paralysed by accursed screaming for 1 turns
 68960 | Abyss:4  | Lost mutation: You occasionally shout uncontrollably at your foes. [potion of cure mutation]
 68960 | Abyss:4  | Lost mutation: You are partially covered in large bone plates. (SH +4) [potion of cure mutation]
 68960 | Abyss:4  | Lost mutation: You are partially covered in icy blue scales. (AC +2) [potion of cure mutation]
 69041 | Abyss:4  | Got an abyssal rune of Zot
 69059 | Abyss:4  | Received a gift from Okawaru
 69311 | Abyss:4  | Paralysed by accursed screaming for 1 turns
 69317 | Abyss:4  | Found a corrupted altar of Lugonu.
 69456 | Abyss:4  | Paralysed by accursed screaming for 1 turns
 69464 | Abyss:4  | Paralysed by accursed screaming for 1 turns
 69521 | Abyss:4  | Gained mutation: You are frail. (-10% HP) [a neqoxec]
 69555 | Abyss:4  | Found a corrupted altar of Lugonu.
 70008 | Abyss:4  | Found a radiant altar of Vehumet.
 70096 | Depths:5 | Escaped the Abyss
 70487 | Depths:5 | Received a gift from Okawaru
 70568 | Depths:5 | Reached XP level 27. HP: 161/225 MP: 23/33
 70575 | Depths:5 | Found a gate to the Realm of Zot.
 70652 | Depths:5 | Reached skill level 15 in Dodging
 71699 | Zot:1    | Entered Level 1 of the Realm of Zot
 71880 | Zot:1    | Received a gift from Okawaru
 72963 | Zot:2    | Reached skill level 1 in Hexes
 73166 | Zot:2    | Received a gift from Okawaru
 73920 | Zot:3    | Received a gift from Okawaru
 73981 | Zot:3    | Received a gift from Okawaru
 74600 | Zot:3    | Received a gift from Okawaru
 74657 | Zot:3    | Found Vusoemad's Changing Room.
 74671 | Zot:3    | Bought a potion of lignification for 75 gold pieces
 74671 | Zot:3    | Bought a potion of cure mutation for 625 gold pieces
 74671 | Zot:3    | Bought a potion of beneficial mutation for 875 gold pieces
 75230 | Zot:3    | Gained mutation: You are partially covered in slimy green scales. (AC +2) [potion of beneficial mutation]
 75231 | Zot:3    | Gained mutation: Your natural rate of healing is unusually fast. [potion of beneficial mutation]
 75943 | Zot:4    | Received a gift from Okawaru
 76284 | Zot:4    | Reached skill level 5 in Hexes
 76511 | Zot:5    | Entered Level 5 of the Realm of Zot
 76845 | Zot:5    | Got a dazzling great sword
 77061 | Zot:5    | Received a gift from Okawaru
 77087 | Zot:5    | Noticed an orb of fire
 77087 | Zot:5    | Noticed an orb of fire
 77099 | Zot:5    | Gained mutation: You expend magic power (3 MP) to strengthen your wands. [an orb of fire]
 77101 | Zot:5    | Killed an orb of fire
 77101 | Zot:5    | Received a gift from Okawaru
 77101 | Zot:5    | Gained mutation: You occasionally shout uncontrollably at your foes. [an orb of fire]
 77105 | Zot:5    | Noticed an orb of fire
 77107 | Zot:5    | Noticed an ancient lich
 77108 | Zot:5    | Noticed an orb of fire
 77112 | Zot:5    | Noticed an ancient lich
 77114 | Zot:5    | Noticed an orb of fire
 77118 | Zot:5    | Noticed an orb of fire
 77123 | Zot:5    | Killed an ancient lich
 77127 | Zot:5    | Killed from afar by an orb of fire

Vault maps used:
D:1:      minmay_arrival_semitransparent, st_stairs_6, kennysheep_nondescript
D:3:      uniq_sigmund
D:4:      first_bread, serial_shops, shop
D:5:      chequers_temple_overflow_statue_of_worship, trog_eyes_of_draining,
          portal_sewer_entry_e, uniq_pikel
D:6:      temple_doors_cd
D:7:      uniq_crazy_yiuf_cottage
D:8:      kennysheep_housing_project, grunt_lair_entry_orc_guard_hut,
          david_nohive_1
D:10:     uniq_joseph
D:11:     nicolae_trove_entry_crystal, uniq_psyche
D:12:     orc_0_dummy, basic_altar, uniq_maurice
D:13:     serial_shops, nicolae_shop_crystal,
          nicolae_shop_competitors_out_of_business,
          nicolae_shop_overgrown_old_shop
D:14:     lightli_vaults_fourway_checkpoint
D:15:     grunt_enter_depths_magical_seal, nicolae_ru_path_of_blood,
          feat_on_display
Lair:1:   nicolae_quartered_pool_super
Lair:2:   minmay_swamp_entry_swarm
Lair:3:   grunt_megastairs_5
Lair:4:   minmay_snake_entry_guardpost_large, beast_lair_carwin_11,
          minmay_lair_oklob_chamber, lemuel_fruit_fields
Lair:5:   wad_woods_minihive, dpeg_slime_entry_corner
Lair:6:   grunt_lair_end_beastmaster, roderic_batcave, st_stairs_6,
          infiniplex_staircase_pool
Swamp:1:  evilmike_swamp_ruin_house_4, nicolae_swamp_treefoil, swamp_pool5
Swamp:2:  evilmike_swamp_ruin_rubble_2
Swamp:3:  serial_swamp_ruin, evilmike_swamp_ruin_house_6,
          evilmike_swamp_ruin_rubble_1, evilmike_swamp_ruin_house_3,
          grunt_lady_of_the_lake
Swamp:4:  swamp_pestilence, swamp_pool5, hangedman_swamp_pad
Snake:1:  serial_bayou_ford_a, grunt_megastairs_4
Snake:3:  special_room, nicolae_snake_springs, uniq_aizul, uniq_bai_suzhen
Snake:4:  snake_pit, grunt_ministairs_10, uniq_donald, uniq_agnes, uniq_vashnia
Orc:1:    lightli_church_of_beogh
Orc:2:    st_orc_open, minmay_orc_temple_a
Vaults:1: grunt_vaults_swirl, v_misc_4, nicolae_vaults_rhombus_6,
          vaults_dpeg_diagonal, v_misc_24, nicolae_vaults_alarming,
          hangedman_vaults_river_flow, nicolae_vaults_mini_display_case,
          vaults_room_boxed, vaults_room_ringed_pool, vaults_mumra_chevron,
          nicolae_vaults_little_squares_3, ontoclasm_vaults_ring_small,
          serial_shops, nicolae_shop_statue_plus,
          portal_desolation_entry_twin_temple
Vaults:2: nicolae_vaults_little_squares_3, hangedman_vaults_cutoff,
          vaults_mumra_lcd, v_rooms_2, vaults_dpeg_hooks, v_misc_15,
          vaults_room_pools, nicolae_vaults_display_case,
          nicolae_vaults_sealed_display, vaults_room_hallway,
          vaults_room_grunt_arrival_ludios, serial_shops,
          nicolae_shop_waterfront
Vaults:3: hangedman_vaults_stagger, nicolae_vaults_windows_and_doors_thing,
          minmay_crypt_entry_necro_gods, nicolae_vaults_network_square,
          hangedman_vaults_hat, v_alt_pattern_6, nicolae_vaults_asterisk,
          dpeg_vaults_monster_box, basic_altar
Vaults:4: grunt_vaults_focal, v_misc_17, hangedman_vaults_variations, v_misc_8,
          vaults_room_guarded_vault, v_misc_9, v_misc_10, vaults_room_grid,
          hangedman_vaults_capsules, uniq_mara
Vaults:5: serial_shops, uniq_sojobo
Crypt:1:  lemuel_vampire_tower, serial_glass, glass_columns_a, glass_columns_b,
          grunt_crypt_arrival_split
Crypt:2:  mu_enter_wizlab_3
Depths:1: kennysheep_boxes, grunt_hell_entry_dis_grunt, hallowed_hall,
          uniq_nikola
Depths:2: evilmike_pillar_path, enter_ziggurat_b, hell_entry, special_room,
          roderic_nine_men_s_morris, st_stairs_12
Depths:3: vault_1, rand_demon_pan_entry_8, hell_entry,
          infiniplex_staircase_spiral, uniq_asterion
Depths:4: lemuel_troll_bridge, abyss_entry, minmay_misc_feat_secret_circle,
          hell_entry
Depths:5: grunt_runaround, abyss_entry, hell_entry, uniq_jorgrun
Tar:1:    grunt_megastairs_2
Zot:3:    st_small_dragon_hoard_4, hangedman_zot_wheel_spokes,
          nicolae_transmutations_shop
Zot:4:    infiniplex_zot_generator
Abyss:1:  evilmike_abyss_exit_12
Abyss:3:  lemuel_firewalk_3, hangedman_abyss_rune_macabre_mess
Abyss:4:  evilmike_abyss_exit_mutagenic,
          evilmike_nicolae_abyss_rune_containment_curve, evilmike_abyss_exit_9
Trove:    trove_armour_six_rooms
Sewer:    sewer_frog_island_02
WizLab:   wizlab_lehudib

Skill      XL: |  1  2  3  4  5  6  7  8  9 10 11 12 13 14 15 16 17 18 19 20 21 22 23 24 25 26 27 |
---------------+----------------------------------------------------------------------------------+-----
Long Blades    | 3 5 6 8 9 11 13 14 15 16 | 16.7
Shields        | 9 13 14 16 17 19 21 22 24 | 24.2
Armour         | 6 10 11 13 16 17 19 21 22 | 22.0
Fighting       | 5 12 13 16 18 20 21 23 | 23.5
Invocations    | 2 4 6 10 13 15 | 15.6
Evocations     | 2 8 10 | 10.9
Dodging        | 2 4 12 13 14 19 | 19.1
Stealth        | 6 8 |  8.6
Throwing       | 9 |  9.0
Charms         | 6 11 14 | 14.4
Spellcasting   | 4 5 7 |  7.8
Necromancy     | 4 6 |  6.0
Hexes          | 5 |  5.0

Action                   |  1- 3 |  4- 6 |  7- 9 | 10-12 | 13-15 | 16-18 | 19-21 | 22-24 | 25-27 || total
-------------------------+-------+-------+-------+-------+-------+-------+-------+-------+-------++-------
Melee: Long sword        |    67 |   188 |   460 |    93 |       |       |       |       |       ||   808
       Headbutt          |    13 |    49 |   113 |   210 |   507 |   583 |   796 |   771 |   935 ||  3977
       Great sword       |       |       |    22 |   100 |       |       |       |       |       ||   122
       Scimitar          |       |       |       |   526 |   745 |       |       |       |       ||  1271
       Demon blade       |       |       |       |       |   637 |  1773 |  2060 |   603 |       ||  5073
       Double sword      |       |       |       |       |       |       |    23 |  1026 |    14 ||  1063
       Katana            |       |       |       |       |       |       |       |   297 |  2264 ||  2561
Throw: Javelin           |       |       |       |       |       |       |       |       |     6 ||     6
 Cast: Regeneration      |       |       |       |       |       |       |       |       |    26 ||    26
       Song of Slaying   |       |       |       |       |       |       |       |       |     3 ||     3
       Spectral Weapon   |       |       |       |       |       |       |       |       |     4 ||     4
Invok: Heroism           |       |       |       |    16 |    12 |    19 |    20 |    23 |    17 ||   107
       Finesse           |       |       |       |     3 |     4 |     6 |     9 |    15 |     3 ||    40
 Abil: Evoke Invisibilit |       |       |       |       |     2 |     4 |     4 |     4 |     3 ||    17
Evoke: Wand              |       |       |       |       |     2 |     1 |     1 |     3 |       ||     7
       Phial of floods   |       |       |       |       |       |     1 |     1 |     1 |       ||     3
       Box of beasts     |       |       |       |       |       |     1 |       |       |       ||     1
       Lamp of fire      |       |       |       |       |       |       |     1 |     2 |       ||     3
       Horn of Geryon    |       |       |       |       |       |       |       |       |     1 ||     1
  Use: Scroll            |       |    11 |     6 |    10 |    14 |    14 |     9 |     8 |    26 ||    98
       Potion            |       |     3 |     3 |     3 |     2 |    10 |     9 |     8 |    26 ||    64
 Stab: Invisible         |       |     2 |       |     3 |    13 |    16 |    39 |    12 |    27 ||   112
       Sleeping          |       |       |       |     7 |    12 |       |       |       |       ||    19
       Distracted        |       |       |       |     1 |     3 |       |     2 |    14 |     2 ||    22
       Petrified         |       |       |       |       |     2 |       |       |     7 |       ||     9
       Confused          |       |       |       |       |       |       |       |       |     1 ||     1
  Eat: Chunk             |       |     8 |    12 |    20 |    38 |    13 |    20 |     7 |    38 ||   156
       Meat ration       |       |       |       |       |     1 |       |       |       |       ||     1
       Bread ration      |       |       |       |       |       |     7 |     5 |     7 |     3 ||    22
       Fruit             |       |       |       |       |       |     1 |       |     1 |       ||     2
Armor: Scale mail        |     9 |     5 |       |       |       |       |       |       |       ||    14
       Ring mail         |    17 |    72 |   185 |   189 |    53 |       |       |       |       ||   516
       Crystal plate arm |       |       |       |       |   451 |   624 |   487 |   756 |   690 ||  3008
       Skin              |       |       |       |       |       |       |       |     9 |       ||     9
Dodge: Dodged            |    24 |    54 |    86 |   159 |   209 |   241 |   340 |   513 |   685 ||  2311
Block: Shield            |    32 |    57 |       |       |       |       |       |       |       ||    89
       Large shield      |       |    74 |   397 |   511 |  1389 |  2009 |  2163 |  1957 |  2341 || 10841
       Rpst.: Long sword |     6 |    16 |    13 |     2 |       |       |       |       |       ||    37
       Great sword       |       |       |     4 |    23 |       |       |       |       |       ||    27
       Scimitar          |       |       |       |    18 |    30 |       |       |       |       ||    48
       Demon blade       |       |       |       |       |    11 |    32 |    47 |     6 |       ||    96
       Double sword      |       |       |       |       |       |       |     1 |    39 |       ||    40
       Katana            |       |       |       |       |       |       |       |    12 |    90 ||   102
